Map: Dusk Towers

Players

SerenityNow - Winner!

  • Race: Terran Terran
  • League: Platinum

Nucléus

  • Race: Terran Terran
  • League: Diamond

VOD

Have the link to the VOD?

Description

Time

  • Played on: Nov. 17, 2015, 4:41 p.m.
  • Length: 21:43
Show
View Real Time Build Order
Export as new Build Order

SerenityNow Terran - Winner!

Build Orders: Bio Tank, Banshee Rush 

Get SALT Encoding   

  12  0:00  SCV  
  13  0:13  SCV  
  14  0:19  Supply Depot  
  14  0:25  SCV  
  15  0:40  SCV  
  16  0:44  Barracks  
  16  0:49  Refinery  
  16  0:53  SCV  
  17  1:05  SCV  
  18  1:18  Refinery  
  18  1:20  SCV  
  19  1:34  Marine  
  21  1:41  Orbital Command  
  20  1:55  Supply Depot  
  20  1:58  Factory  
  20  2:00  Marine  
  21  2:08  SCV  
  22  2:19  Marine  
  23  2:25  Bunker  
  23  2:26  SCV  
  24  2:36  Supply Depot  
  24  2:38  SCV  
  25  2:45  Starport  
  25  2:46  Barracks Reactor  
  25  2:47  Factory Tech Lab  
  25  2:50  SCV  
  26  3:02  SCV  
  27  3:14  SCV  
  27  3:19  Widow Mine  
  28  3:25  Marine x2  
  32  3:30  Banshee, Cloaking Field  
  32  3:32  SCV  
  36  3:45  SCV  
  37  3:56  Command Center  
  37  3:59  SCV  
  37  4:02  Factory Tech Lab  
  38  4:03  Marine  
  38  4:09  Supply Depot  
  39  4:11  Supply Depot  
  39  4:28  Banshee, SCV, Marine  
  44  4:39  Supply Depot  
  44  4:41  Supply Depot  
  44  4:42  SCV  
  45  4:50  Barracks  
  45  4:51  Marine x2  
  47  4:54  SCV  
  49  5:07  SCV  
  49  5:08  Siege Tank  
  52  5:14  Orbital Command  
  52  5:23  SCV  
  52  5:24  Marine x2  
  55  5:35  SCV  
  55  5:40  SCV  
  57  5:45  Marine x2  
  57  5:46  Starport Reactor  
  57  5:48  SCV  
  60  5:52  SCV  
  60  5:56  Stimpack  
  61  5:57  Marine  
  61  5:58  Siege Tank  
  65  6:04  SCV  
  65  6:05  Marine x2  
  65  6:10  SCV  
  69  6:16  SCV  
  70  6:27  SCV  
  70  6:28  Marine x3  
  70  6:29  SCV  
  75  6:35  Siege Tank  
  75  6:37  Medivac  
  75  6:38  Medivac  
  75  6:39  SCV  
  83  6:41  Command Center  
  83  6:44  Engineering Bay  
  83  6:49  SCV, Refinery  
  83  6:50  Refinery, Marine x3  
  87  6:58  SCV  
  88  7:07  SCV, Viking  
  88  7:08  Viking, Marine  
  94  7:19  Supply Depot  
  94  7:21  Supply Depot  
  94  7:26  SCV x2, Marine x3  
  94  7:27  Siege Tank  
  102  7:38  SCV  
  102  7:40  Terran Infantry Weapons Level 1  
  102  7:41  SCV  
  104  7:51  SCV, Viking x2  
  109  7:52  Marauder, Marine  
  109  7:53  SCV, Marine  
  115  8:00  Orbital Command  
  115  8:04  Supply Depot  
  114  8:07  SCV x2  
  114  8:09  Supply Depot  
  116  8:19  SCV  
  118  8:20  SCV  
  118  8:21  Marine x3  
  121  8:27  SCV  
  121  8:31  Supply Depot, SCV  
  123  8:35  Supply Depot  
  123  8:36  SCV  
  123  8:38  Siege Tank  
  127  8:43  SCV  
  128  8:51  Marine x3  
  128  8:52  Command Center  
  128  8:53  Combat Shields  
  131  9:01  SCV  
  131  9:02  SCV x2  
  134  9:14  SCV, Siege Tank, Marine  
  134  9:15  Marine x2  
  134  9:17  Barracks  
  141  9:18  SCV x2, Barracks  
  141  9:19  Supply Depot  
  141  9:20  Supply Depot  
  141  9:22  Barracks  
  143  9:26  SCV  
  143  9:30  SCV  
  145  9:31  SCV  
  145  9:37  Medivac x2  
  150  9:39  SCV  
  150  9:42  SCV, Terran Infantry Armor Level 1  
  150  9:43  Supply Depot  
  152  9:46  Supply Depot  
  152  9:47  Engineering Bay  
  152  9:50  Armory  
  152  9:52  SCV x2  
  154  9:53  Marine x3  
  154  9:54  Siege Tank  
  160  10:07  Supply Depot  
  160  10:10  Barracks Reactor  
  160  10:11  Supply Depot, Marine  
  161  10:18  Barracks Tech Lab  
  161  10:21  Planetary Fortress  
  161  10:24  SCV x2  
  161  10:25  SCV  
  161  10:27  Marine x2  
  166  10:28  Siege Tank, Marine  
  166  10:30  Barracks Reactor  
  170  10:36  Refinery  
  170  10:38  Marine  
  171  10:45  Marine  
  171  10:48  Marine x3  
  175  10:53  Marine  
  175  10:55  SCV x3  
  175  10:56  Marine  
  180  10:57  Medivac x2  
  180  11:01  Refinery  
  184  11:07  Marine  
  182  11:34  Marine  
  182  11:35  Marine x7  
  170  11:52  Marine  
  170  11:53  Siege Tank, Marine x5  
  163  11:54  Medivac  
  163  11:55  Medivac  
  167  12:05  Marine x2  
  169  12:20  Refinery, Marine  
  169  12:21  Marine x5  
  169  12:22  Marine x2  
  175  12:23  Refinery  
  175  12:25  Siege Tank  
  175  12:29  Command Center  
  180  12:30  Barracks  
  180  12:33  Barracks  
  180  12:34  Barracks  
  180  12:35  Barracks x2  
  180  12:37  Barracks  
  180  12:38  Marine x4  
  180  12:40  Factory  
  184  12:45  Marine x4  
  188  12:54  Missile Turret x2  
  188  12:55  Missile Turret  
  188  12:56  Marine x3  
  178  13:11  Marine x3, Marauder x2  
  185  13:13  Marine  
  185  13:14  Marine  
  182  13:28  Barracks Reactor, Barracks Tech Lab x2  
  182  13:29  Barracks Reactor x3  
  182  13:31  Factory Tech Lab  
  182  13:32  Medivac x2, Siege Tank, Marauder  
  182  13:33  Marine x3  
  182  13:34  Marine x4  
  198  13:51  Marine  
  199  13:56  Marine  
  200  14:08  Marine  
  198  14:17  Planetary Fortress  
  198  14:21  Marine, Marauder  
  200  14:49  Marauder x2  
  192  15:03  Marauder  
  192  15:04  Marine x9, Marauder  
  192  15:05  Marine x5  
  199  15:10  Marauder  
  199  15:35  Terran Infantry Weapons Level 2, Terran Infantry Armor Level 2  
  199  15:36  Terran Vehicle Weapons Level 1  
  199  16:08  Starport  
  199  16:09  Marine  
  199  16:10  Starport  
  200  16:11  Starport  
  200  16:38  Marine, Marauder  
  169  16:56  Marauder x2  
  169  16:57  Marine x14, Marauder  
  169  16:58  Siege Tank x2  
  169  16:59  Marauder  
  186  17:14  Marine  
  186  17:15  Marine x2  
  189  17:27  Marauder x3, Marine x5  
  181  18:15  Marine x2, Marauder x3  
  181  18:16  Marine x13  
  195  18:39  Missile Turret  
  195  18:40  Missile Turret x2  
  191  18:41  Missile Turret  
  191  18:48  SCV x5  
  187  18:53  Marine x2, Marauder x4  
  187  18:54  Marine x5  
  200  19:05  Refinery  
  199  20:03  Command Center  
  199  20:10  Command Center  
  199  20:11  Marauder, Marine  
  199  20:12  SCV  
  148  20:44  Marine, Marauder x3  
  148  20:45  Marine x13, Marauder  
  148  20:46  Medivac x2  
  148  20:49  Siege Tank x2  
  173  20:53  SCV x5  
  178  21:02  Marine  
  178  21:03  Marine x6  
  185  21:05  SCV, Missile Turret  
  185  21:06  Missile Turret x2  
  186  21:13  Refinery  
Show
View Real Time Build Order
Export as new Build Order

Nucléus Terran 

Build Orders:  

Get SALT Encoding   

  12  0:01  SCV  
  13  0:13  SCV  
  14  0:18  Supply Depot  
  14  0:25  SCV  
  15  0:40  SCV  
  15  0:41  Barracks  
  16  0:52  SCV  
  17  0:58  Barracks  
  18  1:04  SCV  
  18  1:14  Barracks  
  18  1:16  SCV  
  19  1:28  Orbital Command  
  19  1:31  Supply Depot  
  19  1:34  Marine  
  20  1:46  Marine  
  21  1:48  Refinery  
  21  1:55  SCV, Refinery  
  21  1:57  Marine  
  23  2:02  Marine  
  23  2:04  Marine  
  25  2:19  Marine  
  25  2:20  Marine  
  25  2:22  Marine  
  28  2:40  Command Center  
  28  2:51  Factory  
  28  2:54  SCV  
  28  2:55  Engineering Bay  
  29  3:07  SCV  
  30  3:19  SCV  
  31  3:25  Missile Turret  
  31  3:27  Missile Turret  
  31  3:31  Missile Turret  
  31  3:42  Missile Turret  
  31  3:52  SCV, Supply Depot  
  32  3:56  Missile Turret  
  32  4:06  Orbital Command  
  32  4:10  Factory Tech Lab  
  32  4:19  Starport  
  32  4:29  Siege Tank  
  35  4:32  SCV  
  35  4:33  SCV  
  37  4:49  SCV  
  38  4:54  SCV  
  39  5:00  Viking  
  39  5:01  SCV  
  42  5:28  SCV  
  42  5:29  SCV  
  44  5:36  Refinery  
  44  5:37  Siege Tank  
  44  5:40  SCV, Refinery  
  44  5:41  SCV  
  49  5:45  Command Center  
  49  5:49  Starport Tech Lab  
  49  5:53  SCV x2  
  51  6:05  SCV x2  
  51  6:07  Supply Depot  
  53  6:13  Missile Turret  
  53  6:18  Supply Depot  
  53  6:27  Marine  
  53  6:28  Raven, Marine x2  
  53  6:29  Siege Tank  
  53  6:31  Supply Depot  
  53  6:32  SCV  
  62  6:39  SCV  
  63  6:44  SCV  
  64  6:52  SCV  
  65  6:55  Supply Depot  
  65  6:56  Marine x3  
  65  6:59  Planetary Fortress  
  68  7:01  Missile Turret  
  68  7:11  Viking  
  68  7:12  Siege Tank  
  68  7:14  Marine  
  74  7:16  Marine x2  
  76  7:25  SCV  
  76  7:26  SCV  
  78  7:31  Supply Depot  
  78  7:32  Supply Depot, Marine  
  78  7:34  Marine  
  78  7:35  SCV  
  81  7:38  SCV x2  
  81  7:41  Viking  
  85  7:44  Marine  
  85  7:46  Siege Tank  
  85  7:47  SCV  
  85  7:50  Marine  
  91  7:51  Marine  
  92  8:02  Marine  
  93  8:07  Marine  
  93  8:09  Marine  
  93  8:11  Liberator  
  95  8:15  Missile Turret  
  95  8:20  Bunker  
  95  8:22  SCV  
  95  8:24  Marine  
  95  8:25  Marine  
  98  8:27  Marine  
  98  8:30  Cloaking Field  
  98  8:33  Siege Tank  
  105  8:34  SCV  
  105  8:40  Missile Turret  
  106  8:42  Marine  
  106  8:46  SCV, Missile Turret  
  106  8:48  Command Center, Supply Depot  
  108  8:51  Supply Depot, SCV x2  
  110  8:58  SCV  
  111  9:03  Refinery  
  111  9:08  Refinery  
  111  9:10  SCV  
  111  9:12  SCV x2  
  111  9:14  Marine  
  111  9:15  Marine x2  
  117  9:18  Banshee  
  117  9:22  SCV  
  117  9:24  SCV  
  122  9:27  Missile Turret  
  122  9:29  Hi-Sec Auto Tracking  
  122  9:30  Supply Depot  
  122  9:32  Marine  
  122  9:33  Supply Depot, Siege Tank  
  122  9:34  SCV  
  122  9:36  Supply Depot  
  122  9:38  SCV x2  
  129  9:52  Marine x2  
  130  9:53  Marine  
  130  9:56  Supply Depot  
  130  9:57  Supply Depot  
  132  10:03  Command Center  
  132  10:04  Orbital Command  
  132  10:17  Supply Depot  
  132  10:22  Viking  
  132  10:23  Starport, Marine  
  132  10:24  Marine x2  
  137  10:35  Orbital Command  
  137  10:41  Marine x2  
  139  10:55  Missile Turret  
  139  11:00  SCV  
  140  11:12  SCV  
  140  11:18  Missile Turret x2  
  141  11:20  Missile Turret  
  88  11:58  Starport Reactor  
  85  12:04  SCV  
  85  12:07  Planetary Fortress  
  86  12:15  Command Center  
  86  12:16  SCV  
  86  12:19  SCV x2  
  86  12:21  Marine  
  86  12:22  Marine x2  
  92  12:26  Banshee  
  92  12:28  SCV  
  96  12:31  SCV  
  96  12:32  Siege Tank  
  100  12:39  Marine x3  
  100  12:40  SCV  
  100  12:41  Viking x2  
  100  12:42  Supply Depot  
  100  12:43  Supply Depot  
  108  12:44  Bunker  
  108  12:52  Infernal Pre-Igniter  
  108  12:53  Factory  
  108  12:54  Factory  
  108  12:57  Supply Depot  
  108  12:58  Marine x3  
  109  13:05  Siege Tank  
  114  13:11  Viking x2  
  118  13:19  Marine x2  
  120  13:21  SCV  
  120  13:24  SCV  
  122  13:31  Banshee  
  122  13:33  SCV, Marine  
  127  13:36  SCV  
  127  13:37  Marine x2  
  127  13:39  Planetary Fortress  
  130  13:41  Viking x2  
  135  13:48  SCV  
  135  13:50  Marine  
  135  13:55  Marine x2  
  138  14:00  SCV  
  139  14:08  Marine  
  140  14:11  Viking x2  
  140  14:12  Marine  
  140  14:14  Banshee  
  148  14:18  Marine  
  148  14:21  Factory Reactor x2  
  148  14:23  Cyclone  
  152  14:26  Marine  
  152  14:30  Marine  
  154  14:34  SCV  
  154  14:36  Marine  
  156  14:44  Marine  
  158  14:45  Missile Turret  
  158  14:47  SCV  
  158  14:48  Marine  
  159  14:54  Marine  
  161  15:02  Orbital Command, Marine  
  161  15:06  Marine  
  156  15:14  Hellion  
  156  15:15  Hellion x3  
  156  15:18  Cyclone  
  156  15:19  Mag-Field Accelerator  
  167  15:24  Viking x2  
  167  15:26  Banshee  
  174  15:36  Hellion x4  
  182  15:45  Refinery  
  182  15:46  Refinery  
  182  15:50  Cyclone  
  182  15:51  Missile Turret  
  182  15:52  Missile Turret x2  
  182  15:53  Missile Turret  
  182  15:54  Viking x2  
  189  15:57  Command Center, Hellion x2  
  189  15:58  Hellion x2  
  189  15:59  Marine x3  
  166  17:02  Marine x3  
  166  17:04  Hellion  
  166  17:05  Hellion x3  
  166  17:08  Hellion  
  179  17:10  Viking x2  
  183  17:20  Marine  
  184  17:26  Hellion x4  
  184  17:27  Orbital Command  
  184  17:29  Hellion  
  191  17:40  Viking  
  193  17:47  Banshee, Hellion x2  
  132  18:35  Command Center, Missile Turret  
  132  18:36  Missile Turret  
  112  18:53  Banshee  
  115  18:57  Widow Mine  
  115  18:59  Hellion x4  
  125  19:02  Marine  
  125  19:03  Marine x2  
  128  19:14  Starport x3  
  128  19:16  Starport  
  128  19:17  Starport  
  128  19:20  Hellion x3, Marine x2  
  128  19:21  Hellion, Marine  
  128  19:23  Command Center  
  139  19:27  Hellion  
  139  19:28  Command Center  
  141  19:36  Banshee  
  144  19:38  Marine x2  
  144  19:39  Marine  
  144  19:41  Hellion  
  144  19:42  Hellion x3  
  155  19:48  Hellion  
  157  19:56  Marine x3  
  144  20:03  Hellion x4  
  140  20:09  Hellion  
  116  20:19  Banshee  
  107  20:25  Hellion  
  91  20:46  Hellion x4  
  92  21:05  Starport Tech Lab x4  
  92  21:06  Starport Tech Lab  
  92  21:07  Hellion x2  
  92  21:09  Hellion x3  
Tags
 
Composition
Bio Tank
Matchup
TvT
Race
Terran
Strategy
Banshee Rush
Add a new tag
Caveats
  • Supply blocks, unpowered buildings, or Contaminate may cause inaccurate times.
  • Supply counts are checked every 10 seconds.